 Dungeon Crawl Stone Soup version 0.30-a0-1160-g6e42c06551 (webtiles) character file.

Game seed: 9514297043304274992

455 Ahpoh the Slasher (level 7, -11/44 HPs)
             Began as a Gargoyle Berserker on Apr 24, 2023.
             Was a Priest of Trog.
             Mangled by an orc warrior
             ... wielding a +0 glaive
              (16 damage)
             ... on level 5 of the Dungeon on Apr 25, 2023.
             The game lasted 00:13:54 (4034 turns).

Ahpoh the Slasher (Gargoyle Berserker)              Turns: 4034, Time: 00:13:55

Health: -11/44     AC: 11    Str: 20    XL:     7   Next: 5%
Magic:  0/16       EV: 11    Int:  8    God:    Trog [***...]
Gold:   227        SH:  0    Dex: 17    Spells: 6/6 levels left

rFire   . . .        a - +0 falchion
rCold   . . .        (no shield)
rNeg    + . .        j - +0 scale mail
rPois   ∞            (no helmet)
rElec   +            (no cloak)
rCorr   .            (no gloves)
SInv    .            (no boots)
Will    ++...        t - amulet of guardian spirit
Stlth   +            k - +6 ring of dexterity
HPRegen 1.27/turn    v - ring of magical power
MPRegen 0.15/turn

%: guardian spirit
@: mighty, strong-willed, on berserk cooldown, regenerating, slowed, invisible,
very slow
A: sickness immunity, AC +4, negative energy resistance 1, electricity
resistance, torment resistance 1, petrification resistance
a: Renounce Religion, Berserk, Trog's Hand


You were on level 5 of the Dungeon.
You worshipped Trog.
Trog was most pleased with you.
You visited 1 branch of the dungeon, and saw 5 of its levels.
You also visited: Sewer.

You collected 227 gold pieces.

Inventory:

Hand Weapons
 a - a +0 falchion (weapon)
Armour
 j - a +0 scale mail (worn)
 o - a +0 barding
Jewellery
 k - a +6 ring of dexterity (left hand)
 t - an amulet of guardian spirit (around neck)
 v - a ring of magical power (right hand)
Wands
 x - a wand of quicksilver (5)
Scrolls
 b - a scroll of torment {unknown}
 g - 5 scrolls of immolation
 h - a scroll of magic mapping {unknown}
 l - a scroll of amnesia {unknown}
 m - a scroll of summoning {unknown}
 r - 2 scrolls of teleportation {unknown}
 s - 3 scrolls of fog {unknown}
 u - a scroll of identify
 w - a scroll of silence {unknown}
 y - a scroll of vulnerability {unknown}
Potions
 c - a potion of curing {unknown}
 d - a potion of mutation {unknown}
 e - 2 potions of haste
 i - a potion of berserk rage
 p - a potion of lignification
 q - a potion of heal wounds {unknown}


   Skills:
 + Level 4.9 Fighting
 + Level 5.2 Long Blades
 + Level 3.5 Armour
 + Level 2.5 Dodging
 + Level 1.5 Stealth


You had 6 spell levels left.
You didn't know any spells.
Your spell library was empty.

Dungeon Overview and Level Annotations

Branches:
Dungeon (5/15)              Sewer (visited)
 Temple: D:4-7

Altars:
Hepliaklqana
Okawaru
Xom

Annotations:
D:5 Sigmund


Innate Abilities, Weirdness & Mutations

You are immune to sickness and miasma.
Your stone body is resilient. (AC +4)
You are immune to poison.
You resist negative energy. (rN+)
You are resistant to electric shocks. (rElec)
You are resistant to unholy torment.
You are immune to petrification.


Message History

Something hits you but does no damage. x2; The orc warrior closely misses you.
You hit the orc warrior but do no damage.
The orc warrior is heavily wounded.
Something hits you but does no damage.
The orc warrior hits you with a +0 glaive.
Something hits you but does no damage.
You hit the orc warrior but do no damage.
The orc warrior is heavily wounded.
The orc warrior closely misses you. Something hits you but does no damage.
Something hits you.
The orc warrior hits you with a +0 glaive.
You hit the orc warrior.
The orc warrior is heavily wounded.
You hear some strange, mumbled words.
A puff of flame appears from out of thin air!
The puff of flame hits you!
The orc warrior hits you with a +0 glaive!
Something hits you but does no damage.
The orc warrior hits you with a +0 glaive.
* * * LOW HITPOINT WARNING * * *
You hear some strange, mumbled words.
A magic dart appears from out of thin air!
The magic dart hits you.
* * * LOW HITPOINT WARNING * * *
You fade into invisibility!
The orc warrior barely misses you. Something hits you.
* * * LOW HITPOINT WARNING * * *
You feel very mighty all of a sudden. Something hits you but does no damage.
The orc warrior hits you but does no damage.
Something hits you but does no damage.
The orc warrior hits you with a +0 glaive.
* * * LOW HITPOINT WARNING * * *
Something completely misses you.
You hit the orc warrior.
The orc warrior is severely wounded.
Something hits you.
* * * LOW HITPOINT WARNING * * *
The orc warrior hits you with a +0 glaive!
You die...

#.........#
#.........#
#......)..#
#.........#
#)........#
#.......).#
#.......†<# #
#.........# .#
#.......{@########.#
#........o.........#
##...###...........#
#...###...........#
#................###
#...##.............#
#....#........#
#.............#
###...#.......#


You could see an orc warrior (unable to see you).

Vanquished Creatures
  Pargi (Sewer)
  A scorpion (D:4)
  An orc priest (D:4)
  An iguana (D:4)
  2 sleepcaps (D:4)
  An orc wizard (D:4)
  7 adders
  A worm (D:3)
  2 dart slugs (D:1)
  9 orcs
  7 bats
  4 endoplasms
  6 giant cockroaches
  6 hobgoblins
  4 jackals (D:3)
  12 kobolds
  3 quokkas
  5 ball pythons
  3 frilled lizards
  7 goblins
  5 rats
88 creatures vanquished.

Vanquished Creatures (others)
  2 withered plants (D:1)
2 creatures vanquished.

Grand Total: 90 creatures vanquished

Notes
Turn   | Place    | Note
-------+----------+-------------------------------------------
     0 | D:1      | Ahpoh the Gargoyle Berserker began the quest for the Orb.
     0 | D:1      | Reached XP level 1. HP: 14/14 MP: 1/1
    54 | D:1      | Reached XP level 2. HP: 4/19 MP: 2/2
   164 | D:1      | Upgraded the game from 0.30-a0-1157-g2cc9ac7196 to
                  | 0.30-a0-1160-g6e42c06551
   179 | D:1      | Reached skill level 3 in Long Blades
   521 | D:1      | Reached XP level 3. HP: 24/24 MP: 3/3
   540 | D:1      | Found a faded altar of an unknown god.
   850 | D:2      | Reached ** piety under Trog
  1090 | D:2      | Reached XP level 4. HP: 24/30 MP: 4/4
  2078 | D:3      | Found a glowing drain.
  2100 | Sewer    | Entered a sewer
  2199 | Sewer    | Noticed Pargi
  2214 | Sewer    | Killed Pargi
  2215 | Sewer    | Reached skill level 4 in Long Blades
  2215 | Sewer    | Reached skill level 1 in Stealth
  2215 | Sewer    | Reached XP level 5. HP: 17/34 MP: 5/5
  2395 | D:3      | Found an iron altar of Okawaru.
  2886 | D:4      | Reached XP level 6. HP: 33/39 MP: 6/6
  2886 | D:4      | Found a shimmering altar of Xom.
  3322 | D:4      | Found a hazy altar of Hepliaklqana.
  3498 | D:4      | Reached *** piety under Trog
  3877 | D:4      | Reached skill level 5 in Long Blades
  3877 | D:4      | Reached XP level 7. HP: 32/44 MP: 7/7
  3948 | D:5      | Entered Level 5 of the Dungeon
  3992 | D:5      | Noticed Sigmund
  4034 | D:5      | Mangled by an orc warrior

Illustrated notes

Levels and vault maps discovered:
D:1:      beargit_arrival_greenhouse, layout_rooms,
          ebering_ecumenical_altar_petrified, chequers_serial_rivers_room_b,
          minmay_tree_intersection
D:2:      layout_basic
D:3:      layout_basic, lemuel_tele_altar, cheibrodos_sewer_entry_drain,
          hangedman_decor_clover_reticule
D:4:      layout_basic, general_overflow_altar, mainiacjoe_overflow_brackets,
          grunt_decor_fettered
D:5:      layout_rooms, cheibriados_altar_2, serial_shops, shop,
          uniq_crazy_yiuf_cottage, uniq_grinder, uniq_sigmund

Skill      XL: |  1  2  3  4  5  6 |
---------------+-------------------+-----
Long Blades    | 3 4 5 |  5.2
Fighting       | 4 |  4.9
Dodging        | 2 |  2.5
Stealth        | 1 |  1.5
Armour         | 3 |  3.5

Action                     |  1- 3 |  4- 6 |  7- 9 || total
---------------------------+-------+-------+-------++-------
  Melee: Falchion          |   124 |   227 |    20 ||   371
         Punch             |       |     4 |       ||     4
 Invoke: Berserk           |       |     2 |     1 ||     3
         Trog's Hand       |       |       |     1 ||     1
    Use: Scroll            |       |     6 |       ||     6
         Potion            |       |       |     2 ||     2
 Armour: Animal skin       |    30 |       |       ||    30
         Scale mail        |    18 |   134 |    18 ||   170
  Dodge: Dodged            |    76 |   107 |    10 ||   193

Table legend: (Time is in decaauts)
 A = Elapsed time spent in this place.
 B = Non-inter-level travel time spent in this place.
 C = Inter-level travel time spent in this place.
 D = Time resting spent in this place.
 E = Time spent auto-exploring this place.
 F = Levels seen in this place.
 G = Mean time per level.
                   A        B        C        D        E       F      G
               +--------+--------+--------+--------+--------+-----+--------+
         Total |   4097 |   4084 |     13 |    324 |   2419 |   6 |  682.8 |
       Dungeon |   3816 |   3803 |     13 |    263 |   2323 |   5 |  763.2 |
         Sewer |    281 |    281 |      0 |     61 |     96 |   1 |  281.0 |
               +--------+--------+--------+--------+--------+-----+--------+

Top non-repeatable levels by time:
     D:4: 1103 daAuts
     D:2: 908 daAuts
     D:3: 873 daAuts
     D:1: 851 daAuts
   Sewer: 281 daAuts
     D:5: 78 daAuts
